 Dungeon Crawl Stone Soup version 0.17.1-1-g73c8601 (console) character file.

1198 Kloppie the Fighter (level 8, -6/73 (75) HPs)
             Began as a Ghoul Fighter on Dec 18, 2015.
             Mangled by an orc warrior
             ... wielding a +0 war axe
              (14 damage)
             ... on level 5 of the Dungeon.
             The game lasted 00:09:28 (5403 turns).

Kloppie the Fighter (Ghoul Fighter)                 Turns: 5403, Time: 00:09:28

HP:   -6/73 (75)    AC:  6    Str: 22    XL:     8   Next: 44%
MP:   7/7           EV:  7    Int:  3    God:
Gold: 274           SH:  8    Dex:  8    Spells: 0 memorised, 7 levels left

rFire  . . .     SeeInvis .       - Unarmed
rCold  + . .     Clarity  .     a - +0 scale mail
rNeg   + + +     SustAt   .     b - +0 shield
rPois  ∞         Gourm    .     (no helmet)
rElec  .         Spirit   .     (no cloak)
rCorr  .         Warding  .     (no gloves)
rMut   .         Stasis   .     (no boots)
MR     .....                    (no amulet)
Stlth  ..........               (no ring)
                                (no ring)

@: rotting, not resistant to hostile enchantments, extremely unstealthy
A: rotting body, claws 1, carnivore 3, cold resistance 1, negative energy
resistance 3, slow regeneration 1, torment resistance, unbreathing
a: no special abilities


You were on level 5 of the Dungeon.
You were not hungry.

You visited 2 branches of the dungeon, and saw 7 of its levels.

You collected 274 gold pieces.

Inventory:

Armour
 a - a +0 scale mail (worn)
 b - a +0 shield (worn)
 o - a +1 chain mail
Scrolls
 g - a scroll of magic mapping
 i - a scroll of fog
 k - a scroll of recharging
 m - a scroll of immolation
 p - a scroll of enchant armour
 q - 2 scrolls of amnesia
 r - a scroll of remove curse
Potions
 c - 2 potions of cancellation
 e - a potion of cure mutation
 h - a potion of haste {unknown}
 j - 5 potions of curing
 l - a potion of degeneration
 s - a potion of lignification {unknown}
 t - 2 potions of agility {unknown}
 u - a potion of brilliance {unknown}
 w - a potion of berserk rage {unknown}
Comestibles
 d - 5 meat rations
 v - a beef jerky


   Skills:
 + Level 8.5 Fighting
 - Level 2.6 Armour
 - Level 2.6 Shields
 + Level 7.7 Unarmed Combat


You had 7 spell levels left.
You didn't know any spells.

Dungeon Overview and Level Annotations

Branches:
Dungeon (6/15)             Temple (1/1) D:5

Altars:
Ashenzari
Cheibriados
Dithmenos
Elyvilon
Fedhas
Gozag
Kikubaaqudgha
Nemelex Xobeh
Okawaru
Qazlal
Ru
Sif Muna
Trog
Vehumet
Yredelemnul
Zin

Shops:
D:4 =


Innate Abilities, Weirdness & Mutations

Your body is rotting away.
You thrive on raw meat.
You are immune to poison.
You have sharp fingernails.
You are carnivorous and can eat meat at any time.
Your flesh is cold resistant.
You are immune to negative energy.
You regenerate slowly when monsters are visible.
You are immune to unholy pain and torment.
You can survive without breathing.


Message History

The orc warrior is moderately wounded.
The orc warrior barely misses you.
You scratch the orc warrior but do no damage.
The orc warrior is moderately wounded.
The orc warrior hits you with a war axe!
* * * LOW HITPOINT WARNING * * *
You scratch the orc warrior.
The orc warrior is moderately wounded.
The orc warrior hits you with a war axe!
* * * LOW HITPOINT WARNING * * *
You claw the orc warrior!
The orc warrior is heavily wounded.
The orc warrior hits you with a war axe!
* * * LOW HITPOINT WARNING * * *
Your shield and scale mail prevent you from hitting the orc warrior.
The orc warrior is heavily wounded.
You scratch the orc warrior but do no damage.
The orc warrior is heavily wounded.
The orc warrior hits you with a war axe!
You die...

#### #.#.# #.######
##♣♣♣######.#.######## #......#
#♣...♣#..............# ######.#
'..>.♣#######.##.###.# #.#
#♣...♣#.# #.##)# #.# #.#
##♣♣♣##.#####.##.# #.# ##.##
#######.......##.# #.#######...##
...#.###########.###.....[......#
##...# #@o..########....#
###.##############.# ##.#.#
#.##.............# #.#.#
#.##.###########.####### #.#.#
#.##.# #.......###.#.# #.##.#
#.####.#.##.#)# #.##.#
#.##..###.>.#.# #.##.#
#.##.#.#.####.# ####.##.#
#.#.#.#.## ##.#


You could see an orc warrior.

Vanquished Creatures
  A water moccasin (D:6)
  A sky beast (D:4)
  A necrophage (D:6)
  2 ogres
  3 phantoms
  A giant frog (D:4)
  A scorpion (D:4)
  A hound (D:6)
  2 orc priests
  Jessica (D:3)
  A hound skeleton (D:4)
  5 adders
  7 gnolls
  A shadow imp (D:6)
  3 worms
  An adder skeleton (D:6)
  10 giant geckos
  14 orcs
  3 giant cockroaches
  8 goblins
  4 hobgoblins
  7 jackals
  4 quokkas
  5 bats
  4 giant newts
  4 kobolds
  A quokka skeleton (D:6)
  11 rats
107 creatures vanquished.

Notes
Turn   | Place    | Note
--------------------------------------------------------------
     0 | D:1      | Kloppie the Ghoul Fighter began the quest for the Orb.
     0 | D:1      | Reached XP level 1. HP: 19/19 MP: 0/0
   256 | D:1      | Reached XP level 2. HP: 26/26 MP: 1/1
   635 | D:1      | Found a blossoming altar of Fedhas.
   635 | D:1      | Found a bloodstained altar of Trog.
   635 | D:1      | Noticed an ogre
   636 | D:1      | Noticed an ogre
   638 | D:1      | Noticed an ogre
   639 | D:1      | Noticed an ogre
   815 | D:1      | Reached skill level 4 in Fighting
   971 | D:1      | Reached XP level 3. HP: 31/31 MP: 2/2
  1350 | D:2      | Found a bloodstained altar of Trog.
  2084 | D:4      | Reached XP level 4. HP: 36/41 MP: 3/3
  2187 | D:3      | Noticed Jessica
  2206 | D:4      | Reached skill level 5 in Fighting
  2206 | D:4      | Reached XP level 5. HP: 38/48 MP: 4/4
  2215 | D:3      | Killed Jessica
  2517 | D:3      | Reached XP level 6. HP: 56/56 MP: 5/5
  2543 | D:3      | You fall through a shaft for 2 floors!
  2543 | D:5      | Entered Level 5 of the Dungeon
  2971 | D:4      | Noticed an ogre
  2976 | D:4      | Noticed a phantom
  2976 | D:4      | Reached skill level 5 in Unarmed Combat
  2982 | D:4      | Killed an ogre
  2982 | D:4      | Reached skill level 6 in Fighting
  3009 | D:4      | Killed a phantom
  3009 | D:4      | Reached XP level 7. HP: 27/64 MP: 6/6
  3143 | D:4      | Noticed a phantom
  3163 | D:4      | Killed a phantom
  3276 | D:4      | Found Peoku's Jewellery Shoppe.
  3282 | D:4      | Noticed a giant frog
  3290 | D:4      | Killed a giant frog
  3290 | D:4      | Reached skill level 7 in Fighting
  3524 | D:4      | Noticed a scorpion
  3533 | D:4      | Killed a scorpion
  3546 | D:4      | Found a snail-covered altar of Cheibriados.
  4162 | D:5      | Reached XP level 8. HP: 39/72 MP: 7/7
  4168 | D:5      | Found a staircase to the Ecumenical Temple.
  4174 | Temple   | Entered the Ecumenical Temple
  4611 | D:5      | Found a sacrificial altar of Ru.
  4991 | D:6      | Reached skill level 8 in Fighting
  5403 | D:5      | Mangled by an orc warrior

Action                   |  1- 3 |  4- 6 |  7- 9 || total
-------------------------+-------+-------+-------++-------
Melee: Unarmed           |   142 |   163 |   143 ||   448
  Use: Potion            |       |     1 |     2 ||     3
       Scroll            |       |       |    17 ||    17
  Eat: Chunk             |     8 |    10 |    14 ||    32
